[Event "Late-Titled-Tuesday-Blitz-October-17-2023"]
[Site "Chess.com"]
[Date "2023.10.17"]
[Round "4"]
[White "arminmusovic"]
[Black "Byniolus"]
[Result "0-1"]
[WhiteElo "2475"]
[BlackElo "2774"]
[TimeControl "180+1"]
[EndTime "14:40:11 PDT"]
[Termination "Byniolus won by checkmate"]

1. a3 a6 2. Nc3 h6 3. e4 d6 4. Bc4 Nf6 5. d3 c6 6. Ba2 d5 7. e5 Nfd7 8. d4 e6 9. Nce2 c5 10. c3 Nc6 11. f4 g6 12. Nf3 Be7 13.
O-O b5 14. Be3 Bb7 15. Rc1 Qb6 16. Ng3 h5 17. h4 Na5 18. Kh2 Nc4 19. Bxc4 dxc4 20.
Ng5 Qc6 21. Qe2 Nb6 22. Rcd1 Nd5 23. Bg1 cxd4 24. Bxd4 Rf8 25. Rd2 O-O-O 26. Rfd1 Nxf4 27. Qf1 Bxg5 28. hxg5 Nd3 29. Qf6 h4 30. Nf1 h3 31. Ne3 hxg2 32. Rxg2 Rh8+ 33. Kg1 Rh3 34. Rh2 Rxh2 35. Kxh2 Qe4 36. Kg3 Nxb2 37. Re1 Nd3 38. Bb6 Rf8 39. Rd1 Qxe5+ 40. Qxe5 Nxe5 41. Rd4 Nd7 42. Ba5 Rh8 43. Ng4 e5 44. Rd6 e4 45.
Rd4 Re8 46. Ne3 Ne5 47. Rd6 Nc6 48. Bb6 Re6 49. Rd1 Re8 50. Nd5 e3 51. Nxe3 Ne5 52.
Nd5 Nd3 53. Nf6 Re1 54. Rxe1 Nxe1 55. Bd4 Nc2 56. Be5 Nxa3 57. Ng4 Nc2 58. Ne3 Nxe3 59.
Bd4 Nd5 60. Kf3 Kd7 61. Ke4 Ke6 62. Kf3 Nxc3+ 63. Kg4 Nd5 64. Bb2 b4 65. Bc1 c3 66.
Kf3 b3 67. Ke2 b2 68. Kd1 bxc1=Q+ 69. Kxc1 Kd6 70. Kc2 Kc5 71. Kb3 Kd4 72. Ka4 Bc6+ 73. Ka5 Be8 74. Kxa6 Ke5 75. Ka5 c2 76. Ka6 c1=Q 77.
Ka7 Qc7+ 78. Ka6 Qb6# 0-1

[Event "Late-Titled-Tuesday-Blitz-October-17-2023"]
[Site "Chess.com"]
[Date "2023.10.17"]
[Round "4"]
[White "KNVB"]
[Black "Kostukov_Alex"]
[Result "1/2-1/2"]
[WhiteElo "2634"]
[BlackElo "2410"]
[TimeControl "180+1"]
[EndTime "14:40:17 PDT"]
[Termination "Game drawn by repetition"]

1. d4 g6 2. e4 Bg7 3. Nf3 d6 4. Nc3 e5 5. dxe5 dxe5 6. Qxd8+ Kxd8 7. Bc4 f6 8. Be3 Nd7 9. a4 Bh6 10. Bxh6 Nxh6 11. a5 c6 12. b4 a6 13. Nd2 Ke7 14. Nb3 Rd8 15. Na4 Rb8 16. Ke2 Nf7 17. Bxf7 Kxf7 18.
Rhd1 Ke7 19. Nbc5 Nf8 20. Rxd8 Kxd8 21. Rd1+ Kc7 22. Nb6 Ne6 23. Nxe6+ Bxe6 24. Na4 Rf8 25. Nc5 Bc8 26. Ke3 f5 27. exf5 gxf5 28. f4 e4 29. g3 h5 30. c3 h4 31. Rg1 Rg8 32. Nb3 Kd6 33. Nd4 Kd5 34. Ne2 hxg3 35. Rxg3 Rh8 36. h3 Kc4 37. Kd2 c5 38. bxc5 Kxc5 39. Nd4 b6 40. axb6 Kxb6 41. c4 Rh4 42. Ke3 Kc5 43.
Nb3+ Kxc4 44. Nd2+ Kc3 45. Nb1+ Kb2 46. Nd2 Kc3 47. Nb1+ Kb4 48. Nd2 a5 49. Kd4 Rxf4 50. Rb3+ Ka4 51. Rb8 Ba6 52. Nb1 Rf3 53. Nc3+ Ka3 54.
Ra8 Rd3+ 55. Ke5 Rxc3 56. Rxa6 Rc5+ 57. Kf4 Kb4 58. h4 a4 59. h5 e3 60. Kxe3 f4+ 61.
Kxf4 Rxh5 62. Rb6+ Kc3 63. Ra6 Kb4 64. Ke3 Kb3 65. Kd2 Rc5 66. Rb6+ Ka2 67. Rb8 a3 68. Rb7 Ka1 69. Rb8 a2 70. Rb7 Rc8 71. Rb6 Rh8 72.
Kc2 Rh1 73. Rb7 Rb1 74. Ra7 Rb2+ 75. Kc1 Rb8 76. Rc7 Rb1+ 77. Kc2 Rh1 78. Rb7 Rh2+ 79. Kc1 Rg2 80. Rb8 Rf2 81. Rb7 Rh2 82. Rb6 Rh1+ 83. Kc2 Rb1 84. Ra6 Rb8 85. Rc6 Rb5 86. Rc7 Rb8 87. Rc6 Rh8 88. Rb6 Rh1 89. Rb7 1/2-1/2

[Event "Late-Titled-Tuesday-Blitz-October-17-2023"]
[Site "Chess.com"]
[Date "2023.10.17"]
[Round "4"]
[White "UK_23"]
[Black "nochewycandy"]
[Result "0-1"]
[WhiteElo "2399"]
[BlackElo "2726"]
[TimeControl "180+1"]
[EndTime "14:40:18 PDT"]
[Termination "nochewycandy won by checkmate"]

1. e4 g6 2. d4 Bg7 3. c3 d6 4. Bd3 Nf6 5. Nf3 O-O 6. O-O Nc6 7. Bg5 h6 8. Bh4 e5 9. dxe5 Nxe5 10. Nxe5 dxe5 11.
Qc2 Qe7 12. Nd2 Rd8 13. Bc4 Be6 14. Bxe6 Qxe6 15. f3 Rd7 16. Rfd1 Rad8 17. Nb3 b6 18. Rxd7 Qxd7 19. Re1 Qa4 20. Rd1 Rxd1+ 21. Qxd1 Qxa2 22. Qd8+ Kh7 23. Bxf6 Qb1+ 24. Kf2 Qxb2+ 25. Kg3 Bxf6 26. Qxf6 Qxb3 27. Qxe5 Qc4 28. h4 h5 29. f4 Qc5 30.
Qe8 Qxc3+ 31. Kh2 Qf6 32. g3 Qe6 33. Qa8 a5 34. e5 Kg7 35. Qa7 Qc6 36. Qb8 a4 37.
Qa7 b5 38. Qa5 Qb6 39. Qc3 b4 40. Qa1 Qf2+ 41. Kh3 Kg8 42. Qxa4 Qg1 43. Qa8+ Kg7 44. e6 fxe6 45. Qe4 Qf1+ 46. Kh2 Qf2+ 47. Kh3 Qf1+ 48.
Kh2 Kf7 49. Qxb4 Qf2+ 50. Kh3 Qg1 51. Qe4 c5 52. Qb7+ Kf6 53. Qe4 Ke7 54. Qb7+ Kd6 55. Qe4 Qf1+ 56. Kh2 Qf2+ 57. Kh3 Qg1 58. Qe5+ Kc6 59.
Qe4+ Kb5 60. Qb7+ Kc4 61. Qe4+ Kb5 62. Qb7+ Kc4 63. Qe4+ Kc3 64. Qe5+ Qd4 65. Qe1+ Kc4 66. Qe2+ Kb4 67. Qe1+ Qc3 68. Qxe6 c4 69. Qb6+ Ka3 70. Qxg6 Qf3 71. Qa6+ Kb4 72. Qb6+ Kc3 73. Qa5+ Kc2 74. Qa2+ Kd3 75. Qb1+ Kd4 76. Qb6+ Kc3 77. Qf6+ Kb3 78. Qb6+ Kc2 79. Qb4 Qh1# 0-1

[Event "Late-Titled-Tuesday-Blitz-October-17-2023"]
[Site "Chess.com"]
[Date "2023.10.17"]
[Round "4"]
[White "Rodalquilar"]
[Black "aNaartjieZA"]
[Result "0-1"]
[WhiteElo "2767"]
[BlackElo "2536"]
[TimeControl "180+1"]
[EndTime "14:40:25 PDT"]
[Termination "aNaartjieZA won on time"]

1. d4 Nf6 2. Nf3 c5 3. c3 b6 4. Bf4 d6 5. h3 g6 6. e3 Bg7 7. Nbd2 O-O 8. Be2 Bb7 9. O-O Nbd7 10. Bh2 a6 11. a4 Rc8 12. Bd3 d5 13. Qe2 c4 14.
Bc2 b5 15. axb5 axb5 16. e4 dxe4 17. Nxe4 Qb6 18. Ned2 Nd5 19. Ne5 Nxe5 20. Bxe5 Bxe5 21. Qxe5 f6 22. Qg3 b4 23. Bxg6 hxg6 24. Qxg6+ Kh8 25. Rfe1 f5 26. Re6 Rc6 27. Rae1 Nf4 28. Qh6+ Kg8 29.
d5 Rxe6 30. dxe6 Rf6 31. Qxf4 Rxe6 32. Rxe6 Qxe6 33. Qxc4 Bd5 34. Qxb4 Qe1+ 35. Nf1 Be4 36. Qd4 Kf7 37. Qd2 Qb1 38. f3 Bd3 39. Qf2 Bxf1 40. Qxf1 Qxb2 41. Qe1 Qc2 42. Qe5 Qd3 43. Kh2 e6 44. h4 Qd2 45. c4 Qh6 46. Kh3 Qc1 47.
c5 Qh1+ 48. Kg3 Qc1 49. Qd6 Qe1+ 50. Kh3 Qh1+ 51. Qh2 Qc1 52. Qc7+ Kg6 53. c6 Qh1+ 54. Qh2 Qc1 55. Qg3+ Kf6 56. c7 Qh1+ 57. Qh2 Qc1 58. h5 Kg5 59. Qg3+ Kxh5 60. Qh4+ Kg6 61. Qg3+ Kf7 62.
Kh2 Qh6+ 63. Kg1 Qc1+ 64. Kf2 Qc5+ 65. Ke2 Qc2+ 66. Ke3 Qc1+ 67. Kf2 Qc5+ 68. Kf1 Qc1+ 69. Ke2 Qc4+ 70. Ke3 Qc3+ 71. Kf4 Qxc7+ 72. Kg5 Qxg3+ 0-1

[Event "Late-Titled-Tuesday-Blitz-October-17-2023"]
[Site "Chess.com"]
[Date "2023.10.17"]
[Round "4"]
[White "stasOR4ik"]
[Black "jaskol95"]
[Result "1/2-1/2"]
[WhiteElo "2447"]
[BlackElo "2585"]
[TimeControl "180+1"]
[EndTime "14:40:25 PDT"]
[Termination "Game drawn - insufficient material"]

1. c4 g6 2. Nc3 Bg7 3. g3 Nf6 4. Bg2 c6 5. e4 d6 6. Nge2 O-O 7. O-O Nbd7 8. b4 a5 9. b5 Qc7 10. Bb2 e5 11. h3 Nb6 12. d3 Be6 13. a4 d5 14. c5 Nbd7 15. b6 Qd8 16. exd5 Nxd5 17. Nxd5 Bxd5 18. Bxd5 cxd5 19. d4 Qe7 20. Rc1 exd4 21. Bxd4 Bxd4 22. Nxd4 Nxc5 23. Re1 Qd6 24.
Nb5 Qxb6 25. Qd4 Rac8 26. Re7 Qd8 27. Rce1 Ne6 28. Qf6 Ng7 29. Qd4 Nf5 30. Qf6 Nxe7 31. Rxe7 Rc6 32. Qe5 d4 33. Nxd4 Rd6 34. Nf3 Rd5 35.
Qe3 Rf5 36. Nd4 Rd5 37. Nf3 Rd1+ 38. Kg2 Rd3 39. Qe4 Qd5 40. Qf4 b6 41. Re5 Qc6 42. h4 Rfd8 43. h5 Rxf3 44. Qxf3 Qxf3+ 45. Kxf3 Rd4 46. hxg6 hxg6 47. Rb5 Rxa4 48. Rxb6 Kg7 49. Ra6 Ra2 50. Kg2 a4 51. Kf3 a3 52. Ke3 Kf8 53. Ra7 Ke8 54. Kf3 Ra1 55. Kf4 Kf8 56. Kg5 Ke8 57. f4 a2 58. g4 Kd8 59. Kf6 Rf1 60. Rxa2 Rxf4+ 61. Kg5 Rf1 62. Ra7 Ke8 63. Rb7 Kf8 64.
Kh6 Ke8 65. Kg7 Rf4 66. g5 Rf5 67. Ra7 Rxg5 68. Rxf7 Rg1 69. Ra7 g5 70. Kf6 g4 71.
Kf5 g3 72. Rg7 Rf1+ 73. Ke4 Rg1 74. Kf3 Rf1+ 75. Ke2 Rg1 76. Kf3 Kf8 77. Rxg3 Rf1+ 78.
Ke2 Rf6 79. Rf3 Rxf3 80. Kxf3 1/2-1/2

[Event "Late-Titled-Tuesday-Blitz-October-17-2023"]
[Site "Chess.com"]
[Date "2023.10.17"]
[Round "4"]
[White "GiorgianBarbosa"]
[Black "Alphafischer2019"]
[Result "1-0"]
[WhiteElo "2384"]
[BlackElo "2581"]
[TimeControl "180+1"]
[EndTime "14:40:26 PDT"]
[Termination "GiorgianBarbosa won by checkmate"]

1. d4 Nf6 2. Nf3 b5 3. g3 Bb7 4. Bg2 e6 5. O-O Be7 6. c3 a6 7. Bg5 O-O 8. Nbd2 c5 9. a4 cxd4 10. cxd4 d6 11. Qb3 Bd5 12. Qc2 Nbd7 13. e4 Bb7 14. axb5 axb5 15. Qd3 Qb6 16. e5 dxe5 17. dxe5 Nc5 18. Qd4 Nd5 19. Bxe7 Nxe7 20. b4 Na4 21. Rxa4 Qxd4 22. Nxd4 Rxa4 23. Bxb7 Rd8 24. N4f3 Rxb4 25. Ne4 Nf5 26. Rc1 h6 27. h3 Rb3 28. Kg2 b4 29. g4 Ne7 30. Nd6 Rc3 31. Rb1 b3 32.
Nd4 f6 33. Nxe6 Rb8 34. Be4 fxe5 35. Nf5 Nxf5 36. Bxf5 b2 37. Rd1 Rc1 38. Rd7 b1=Q 39. Rxg7+ Kh8 40. Bxb1 Rcxb1 41. Rg6 Kh7 42. Rf6 Kh8 43.
Rxh6+ Kg8 44. Rh5 R1b6 45. Ng5 Rg6 46. Ne4 Re8 47. Rf5 Kg7 48. Kg3 Rge6 49. f3 Rf8 50. h4 Rxf5 51. gxf5 Rh6 52. Kg4 Kf7 53. Ng5+ Ke7 54.
Ne4 Rh8 55. f6+ Ke6 56. h5 Rg8+ 57. Kh4 Rh8 58. Kg5 Kf7 59. h6 Rg8+ 60. Kf5 Rh8 61. h7 Kf8 62. Ng5 Ke8 63. Kxe5 Kf8 64. Kf5 Ke8 65. Kg6 Kf8 66. f4 Rxh7 67. Nxh7+ Ke8 68.
f7+ Kd7 69. f8=Q Ke6 70. Qf5+ Ke7 71. Qe5+ Kd7 72. Kf7 Kd8 73. Qd6+ Kc8 74. Qe7 Kb8 75. Ke6 Ka8 76. f5 Kb8 77. f6 Ka8 78. f7 Kb8 79. f8=Q# 1-0

[Event "Late-Titled-Tuesday-Blitz-October-17-2023"]
[Site "Chess.com"]
[Date "2023.10.17"]
[Round "4"]
[White "jup1978"]
[Black "tylityli"]
[Result "1-0"]
[WhiteElo "2539"]
[BlackElo "2346"]
[TimeControl "180+1"]
[EndTime "14:40:28 PDT"]
[Termination "jup1978 won by resignation"]

1. e4 e5 2. Nf3 Nc6 3. Bb5 a6 4.
Ba4 Nf6 5. d3 d6 6. O-O g6 7. c3 Bg7 8. Re1 O-O 9. Nbd2 b5 10.
Bb3 Na5 11. Bc2 c5 12. Nf1 Nc6 13. Ng3 d5 14. h3 dxe4 15. dxe4 Qxd1 16. Rxd1 Bb7 17.
a4 c4 18. Be3 Rfc8 19. Kf1 Bf8 20. Bg5 Be7 21. Ke1 Kg7 22. Nf1 h6 23. Bxf6+ Bxf6 24. Ne3 Ne7 25. Ng4 Nc6 26. Rd7 Nd8 27. Rad1 Bc6 28.
R7d6 Be7 29. R6d2 f6 30. Ne3 Ne6 31. Nd5 Bd8 32. g3 Kf7 33. b3 Nc5 34. axb5 axb5 35. b4 Na4 36. Nh4 Bxd5 37. Rxd5 Nxc3 38. Rd7+ Be7 39.
Rc1 Ke6 40. Rb7 Rab8 41. Rxb8 Rxb8 42. Nxg6 Ra8 43. Bd1 Bxb4 44. Bg4+ Kf7 45. Kf1 Nxe4 46. Nh4 Nd6 47. Rd1 Ke7 48. Ng6+ Kf7 49. Nh4 Ke7 50. Ng2 Rd8 51. Ne3 Nb7 52. Nd5+ Kf7 53. Nxb4 Rxd1+ 54. Bxd1 Nc5 55. Ke2 Ke6 56. Bc2 f5 57. f4 e4 58. Ke3 Nd3 59. Nc6 Kd6 60. Nd4 b4 61. Nxf5+ Kc5 62. Bxd3 exd3 63. Kd2 Kd5 64.
Ne3+ Kd4 65. Nf5+ Kd5 66. g4 Ke4 67. Nd6+ Kd5 68. Nb5 Kc5 69. Nc7 Kd6 70. Na6 Kd5 71. Nxb4+ Kd4 72. f5 c3+ 73. Kd1 Ke3 74. Nxd3 Kxd3 75.
f6 Ke4 76. f7 Kf3 77. f8=Q+ Kg3 78. Qxh6 1-0

[Event "Late-Titled-Tuesday-Blitz-October-17-2023"]
[Site "Chess.com"]
[Date "2023.10.17"]
[Round "4"]
[White "Perecke"]
[Black "SchmakAttack"]
[Result "1/2-1/2"]
[WhiteElo "2524"]
[BlackElo "2737"]
[TimeControl "180+1"]
[EndTime "14:40:34 PDT"]
[Termination "Game drawn - insufficient material"]

1. e4 e5 2. Nf3 Nc6 3. Bc4 Nf6 4. d3 Bc5 5. Bg5 h6 6. Bh4 Be7 7. Bg3 d6 8. a4 Nh5 9. Nxe5 Nxe5 10. Bxe5 dxe5 11.
Qxh5 O-O 12. Nc3 Qd6 13. O-O c6 14. Ne2 Kh7 15. f4 f5 16. fxe5 Qxe5 17. c3 g6 18. Qf3 Bd7 19. Ng3 f4 20. d4 Qg7 21.
Ne2 g5 22. Qd3 Rad8 23. e5+ Bf5 24. Qd2 Kh8 25. Rad1 c5 26. Bd3 Be6 27. Be4 cxd4 28.
cxd4 b6 29. Nc3 Rxd4 30. Qe2 Qxe5 31. Qh5 Qg7 32. Rxd4 Qxd4+ 33. Kh1 Qg7 34. Re1 Bf6 35. Bc2 Bf7 36. Qf3 Rc8 37. Qb7 Rd8 38. Qxa7 Bd4 39.
Qe7 Qf6 40. Qe4 Qg7 41. Rd1 Bf6 42. Rxd8+ Bxd8 43. h3 Bf6 44. Qa8+ Bg8 45. Bb3 Kh7 46. Bxg8+ Qxg8 47. Qb7+ Bg7 48. Qxb6 Qe8 49. Qf2 Qb8 50.
Qc2+ Kh8 51. b3 h5 52. Ne4 g4 53. Ng5 Kg8 54. Qh7+ Kf8 55. Ne6+ Kf7 56. Ng5+ Kf6 57. Ne4+ Kf7 58. Ng5+ Kf6 59. Ne4+ Ke5 60. Qxg7+ Kxe4 61. Qg6+ Ke3 62. Qxh5 Qd6 63. Qxg4 Qd2 64. Qf3+ Kd4 65. Kh2 Kc5 66. a5 Kb5 67. Qa8 Qf2 68. Qf3 Qd2 69.
h4 Kxa5 70. h5 Qd4 71. h6 Qf6 72. Qh3 Qe5 73. Qg4 f3+ 74. Qg3 Qh5+ 75. Kg1 Qc5+ 76. Qf2 Qc1+ 77. Qf1 Qe3+ 78. Kh1 Qxh6+ 79. Kg1 Qe3+ 80.
Qf2 Qxf2+ 81. Kxf2 fxg2 82. Kxg2 Kb4 83. Kg1 Kxb3 1/2-1/2

[Event "Late-Titled-Tuesday-Blitz-October-17-2023"]
[Site "Chess.com"]
[Date "2023.10.17"]
[Round "4"]
[White "Jospem"]
[Black "MikaelyanArman"]
[Result "1/2-1/2"]
[WhiteElo "3132"]
[BlackElo "2886"]
[TimeControl "180+1"]
[EndTime "14:40:39 PDT"]
[Termination "Game drawn by repetition"]

1. e4 e5 2. Nf3 Nc6 3. Bb5 a6 4. Ba4 Nf6 5. d3 b5 6. Bb3 Be7 7. c3 d6 8. Nbd2 O-O 9. h3 Na5 10. Bc2 c5 11. O-O Nc6 12. Re1 Re8 13. Nf1 Bf8 14.
Bg5 h6 15. Bxf6 Qxf6 16. Ne3 Qd8 17. a4 Be6 18. Bb3 Qd7 19. Bd5 Rab8 20. axb5 axb5 21. Ra6 Bxd5 22. Nxd5 Ne7 23. Ne3 Ra8 24. Qa1 Qb7 25. Ra2 g6 26. Ra3 h5 27. g4 hxg4 28. hxg4 c4 29.
Rxa8 Rxa8 30. Qb1 d5 31. dxc4 dxe4 32. Ng5 Bh6 33. Qxe4 Qxe4 34. Nxe4 Bxe3 35. Rxe3 bxc4 36. Nd6 f6 37. Nxc4 Nd5 38. Re1 Ra4 39. Rd1 Rxc4 40. Rxd5 Rxg4+ 41. Kf1 Kf7 42. Rd6 Ra4 43. b4 Ke7 44.
Rc6 g5 45. b5 e4 46. Kg2 f5 47. b6 Ra3 48. Rc5 f4 49. Rb5 Ra8 50. Rxg5 Kd6 51.
Rf5 Rg8+ 52. Kf1 f3 53. c4 Kc6 54. c5 Ra8 55. Kg1 Rg8+ 56. Kf1 Ra8 57. Ke1 Ra2 58.
Rf8 Re2+ 59. Kf1 Rb2 60. Rc8+ Kd5 61. Kg1 Rb1+ 62. Kh2 e3 63. b7 exf2 64. Rd8+ Kxc5 65. Rd1 Rxd1 66. b8=Q Rh1+ 67. Kg3 f1=Q 68. Qe5+ Kb4 69.
Qb2+ Kc4 70. Qc2+ Kd4 71. Qb2+ Kd3 72. Qb3+ Kd4 73. Qb2+ Kc5 74. Qe5+ Kb6 75. Qd6+ Kb5 76. Qd5+ Kb4 77. Qd6+ Kb3 78. Qb6+ Kc3 79. Qa5+ Kd4 80.
Qb6+ Kd5 81. Qb7+ Kd6 82. Qb6+ Ke5 83. Qc5+ Ke6 84. Qc6+ Ke7 85. Qc7+ Ke6 86. Qc6+ Kf5 87. Qd5+ Kf6 88. Qd6+ Kg7 89. Qe7+ Kg8 90. Qe8+ Kg7 91. Qe7+ Kg8 92. Qe8+ Kh7 93. Qf7+ Kh8 94. Qf8+ Kh7 95. Qf7+ Kh8 96. Qf8+ Kh7 97. Qf7+ 1/2-1/2

[Event "Late-Titled-Tuesday-Blitz-October-17-2023"]
[Site "Chess.com"]
[Date "2023.10.17"]
[Round "4"]
[White "Alexander_Donchenko"]
[Black "FabianoCaruana"]
[Result "0-1"]
[WhiteElo "2875"]
[BlackElo "3095"]
[TimeControl "180+1"]
[EndTime "14:41:23 PDT"]
[Termination "FabianoCaruana won on time"]

1. Nf3 Nf6 2. g3 g6 3. Bg2 Bg7 4. O-O d6 5. d4 O-O 6. c4 Bf5 7. Nc3 Ne4 8. Qb3 Nxc3 9. bxc3 Be4 10. Bh3 Bxf3 11. exf3 b6 12. a4 Nc6 13. Re1 Na5 14. Qa2 c5 15. Bg5 Re8 16. Rad1 Qc7 17. Re4 cxd4 18.
cxd4 e6 19. Bf4 Qxc4 20. Qxc4 Nxc4 21. d5 Nb2 22. Rd2 exd5 23. Rxd5 Rxe4 24. fxe4 Nxa4 25. Bxd6 Nc3 26. Rd3 Nxe4 27. Bc7 a5 28. Bg2 f5 29. f3 Nc5 30. Ra3 Bd4+ 31. Kf1 Ne6 32. f4 Nxc7 33. Bxa8 Nxa8 34. Rd3 Bf6 35. Rd7 b5 36. Rb7 a4 37.
Rxb5 Nc7 38. Ra5 Ne6 39. Rxa4 Nc5 40. Ra7 Ne4 41. Kg2 h5 42. Rb7 Kf8 43. Ra7 Be7 44. Ra6 Kf7 45. Rb6 h4 46. Ra6 Nf6 47. Rb6 Ng4 48.
Rc6 Bf8 49. Kh3 hxg3 50. hxg3 Kg7 51. Kg2 Kh6 52. Rc8 Bg7 53. Rg8 Bd4 54. Rd8 Bf6 55. Rf8 Bg7 56. Rd8 Nf6 57. Rc8 Kh5 58. Kf3 Bh6 59. Rh8 Nd5 60. Kg2 Ne3+ 61. Kf3 Ng4 62. Kg2 Nf6 63. Kf3 g5 64. fxg5 Kxg5 65. Ra8 Bg7 66. Ra5 Ng4 67. Rb5 Be5 68. Ra5 Bc7 69.
Rc5 Bd6 70. Rd5 Bc7 71. Rc5 Bb6 72. Rb5 Bd4 73. Rd5 Bf6 74. Ra5 Ne5+ 75. Kg2 Nf7 76.
Kf3 Ne5+ 77. Kg2 Kh5 78. Rb5 Kg6 79. Ra5 Kg5 80. Rb5 Bg7 81. Ra5 Ng4 82. Kf3 Bd4 83. Rd5 Bc3 84. Rc5 Bd2 85. Rd5 Be1 86. Rb5 Nf6 87. Re5 Bc3 88. Rc5 Ne4 89. Rb5 Nd2+ 90. Kg2 Kg4 91. Rb8 Ne4 92. Rg8+ Ng5 93. Rc8 Be5 94.
Rg8 Bd6 95. Rg6 Bb8 96. Rg8 Be5 97. Rg6 Kh5 98. Rg8 Ne4 99. Kf3 Ng5+ 100. Kg2 Bd6 101. Rh8+ Kg6 102. Rg8+ Kf6 103. Ra8 Ne4 104. Ra6 Kg5 105. Ra8 Bxg3 106. Rg8+ Kf4 107. Rf8 Bh4 108. Kh3 Bf6 109. Rf7 Ng5+ 0-1

[Event "Late-Titled-Tuesday-Blitz-October-17-2023"]
[Site "Chess.com"]
[Date "2023.10.17"]
[Round "4"]
[White "ckgchess"]
[Black "Mikasinski"]
[Result "1/2-1/2"]
[WhiteElo "2876"]
[BlackElo "2693"]
[TimeControl "180+1"]
[EndTime "14:41:33 PDT"]
[Termination "Game drawn by repetition"]

1. e4 c5 2. c3 Nf6 3. e5 Nd5 4. d4 cxd4 5. Bc4 Nb6 6. Bb3 d6 7. Nf3 Nc6 8. exd6 Qxd6 9. O-O e5 10. Ng5 Nd8 11. cxd4 exd4 12. Re1+ Be7 13. Qh5 Qg6 14.
Qe2 Ne6 15. Nxe6 Bxe6 16. Qb5+ Bd7 17. Qc5 Be6 18. Qb5+ Bd7 19. Qc5 Be6 20. Qxd4 Rd8 21. Qe3 O-O 22. Bxe6 fxe6 23. Nc3 Kh8 24. Qxe6 Qc2 25.
Qe2 Qf5 26. Be3 Bf6 27. Bxb6 axb6 28. Ne4 Bd4 29. Kh1 Rde8 30. f3 Be5 31. Qf2 Bc7 32. Rac1 Rxe4 33. Rxc7 Qe5 34. Rxe4 Qxc7 35. h3 b5 36. a3 h6 37. Re1 Rd8 38. Kg1 Qf4 39. Qe3 Qf6 40. Qe7 Qd4+ 41. Kh2 Qf4+ 42. Kh1 Rd2 43.
Qe8+ Kh7 44. Qe4+ Qxe4 45. Rxe4 Rxb2 46. Rb4 Ra2 47. Rb3 Kg6 48. Kh2 Kf5 49. Rxb5+ Kf6 50. Rb3 Ra1 51. Kg3 Ra2 52. h4 Kg6 53. Kg4 h5+ 54.
Kg3 Kh6 55. Rb6+ g6 56. Rb3 Ra1 57. f4 Ra2 58. Kf3 Ra1 59. g3 Ra2 60. Ke4 Ra1 61.
Kd5 Rc1 62. a4 Rc7 63. a5 Rf7 64. Kd6 Rf5 65. Ra3 Rb5 66. Kc7 Kg7 67. Kb8 Kf6 68.
Kc7 Kf5 69. Kd6 Kg4 70. Ke6 Rf5 71. Ke7 Kh3 72. Kd6 Kg4 73. Ke6 Kh3 74. Kd7 Kg4 75.
Kc7 Rb5 76. Kb8 Kf5 77. Kc7 Kg4 78. Kd7 Kf5 79. Ke8 Rc5 80. Ke7 Rc7+ 81. Kd6 Rc6+ 82. Kd5 Rc2 83. Kd4 Rc6 84. Kd3 Kg4 85. Ke4 Re6+ 86. Kd5 Rc6 87. Ke5 Rc5+ 88. Kd6 Rc6+ 89. Kd5 Kh3 90. Ke4 Kg4 91. Ke5 Rc5+ 92. Kf6 Rc6+ 93. Kg7 Kf5 94. Kf7 Rc7+ 95. Ke8 Rc5 96. Kd7 Rc6 97. Ke7 Rc5 98. Kd8 Rc6 99. Kd7 Rc5 100.
Ke8 Kf6 101. Kd7 Kf5 102. Kd6 Rc6+ 103. Kd5 Kg4 104. Kd4 Kh3 105. Ke4 Kg4 106. Ke5 1/2-1/2

[Event "Late-Titled-Tuesday-Blitz-October-17-2023"]
[Site "Chess.com"]
[Date "2023.10.17"]
[Round "4"]
[White "Makswolf200817"]
[Black "Haykoooo0o"]
[Result "1-0"]
[WhiteElo "2679"]
[BlackElo "2455"]
[TimeControl "180+1"]
[EndTime "14:41:34 PDT"]
[Termination "Makswolf200817 won by resignation"]

1. e4 c6 2. d4 d5 3. exd5 cxd5 4.
Bd3 Nf6 5. c3 Bg4 6. Qb3 Qc7 7.
Ne2 Bxe2 8. Bxe2 e6 9. Na3 a6 10. Nc2 Bd6 11. h3 O-O 12. O-O Nc6 13. Ne3 Rfc8 14. g3 Ne4 15. Ng2 Rab8 16. a3 b5 17.
Qd1 a5 18. Bf4 b4 19. cxb4 axb4 20. a4 Bxf4 21. Nxf4 Qb6 22. Bd3 Qxd4 23. Bxe4 dxe4 24. a5 Qxb2 25. a6 Ra8 26. Qa4 Ne5 27. Rab1 Qa3 28.
Rxb4 Rxa6 29. Qb5 Nf3+ 30. Kg2 Raa8 31. Rxe4 Nd2 32. Re3 Qc5 33. Qxc5 Rxc5 34. Rd1 Nc4 35. Rc3 Rac8 36. Kh2 g5 37. Nd3 R5c6 38. Nb4 Rb6 39. Nc2 Rbc6 40. Ne1 Ne5 41. Re3 Ng6 42. Nf3 h6 43.
Kg2 Kg7 44. Nh2 Rc3 45. Re4 Rc2 46. Rd7 R2c7 47. Rd6 Rc6 48. Rd7 R8c7 49. Rd8 Ne7 50. Re3 Nf5 51. Rf3 Rd6 52. Rb8 Rcd7 53. Ng4 Nd4 54. Re3 Nc6 55. Rb2 f5 56. Nh2 Kf6 57. Nf3 Nd4 58. Ne5 Rc7 59. Rd2 Rd5 60.
Nd3 Nc6 61. Rb2 Nd4 62. Rd2 Rcd7 63. Nb4 R5d6 64. Red3 Ke7 65. Rxd4 Rxd4 66. Rxd4 Rb7 67. Nc6+ Kf6 68. Rd6 Rb6 69. f4 Rb2+ 70. Kf3 Rb3+ 71.
Kf2 Rb2+ 72. Ke3 Rb3+ 73. Rd3 Rb6 74. Ne5 gxf4+ 75. gxf4 Rb4 76. Rd7 Re4+ 77. Kf2 Rxf4+ 78. Nf3 Rb4 79. Rh7 Kg6 80. Re7 Kf6 81. Rh7 Kg6 82. Ra7 Rb2+ 83. Kg3 Rb3 84. Ra6 Kf6 85. h4 Rb4 86. Ra8 Rg4+ 87. Kf2 f4 88. Ra5 e5 89.
Rxe5 Rg3 90. Ra5 Rg4 91. Ra6+ Kf5 92. Rxh6 Rg3 93. Rh8 Kg4 94. Rg8+ Kh3 95. Ng5+ Kxh4 96. Nf3+ Kh5 97. Rf8 Kh6 98. Rxf4 Rg6 99. Ne5 Kg7 100. Nxg6 Kxg6 101. Rc4 Kg5 102. Ke3 Kg6 103. Rd4 Kf6 104.
Ke4 Ke7 105. Rd5 1-0

[Event "Late-Titled-Tuesday-Blitz-October-17-2023"]
[Site "Chess.com"]
[Date "2023.10.17"]
[Round "5"]
[White "c_H_e_S_s_K_i_L_e_R"]
[Black "rikchessmx"]
[Result "0-1"]
[WhiteElo "2003"]
[BlackElo "2292"]
[TimeControl "180+1"]
[EndTime "14:50:23 PDT"]
[Termination "rikchessmx won by resignation"]

1. d4 d5 2. Nf3 c6 3. g3 Bg4 4. Bg2 Qc7 5. Bf4 Qb6 6. Qc1 Nd7 7. c3 h6 8. O-O g5 9. Bd2 Bg7 10. Re1 e6 11. e4 O-O-O 12. e5 Ne7 13. c4 Kb8 14. c5 Qc7 15. Qc3 Bf5 16. a4 f6 17. a5 fxe5 18. Nxe5 Nxe5 19. dxe5 Ng6 20. f4 gxf4 21. Bxf4 Nxf4 22. gxf4 Rhg8 23. Kf2 d4 24. Qb3 Bf8 25. Qc4 Be7 26. Rf1 Bh4+ 27. Kg1 Bh3 0-1

[Event "Late-Titled-Tuesday-Blitz-October-17-2023"]
[Site "Chess.com"]
[Date "2023.10.17"]
[Round "5"]
[White "vladislavkovalev"]
[Black "Willychess95"]
[Result "1-0"]
[WhiteElo "2868"]
[BlackElo "2660"]
[TimeControl "180+1"]
[EndTime "14:50:40 PDT"]
[Termination "vladislavkovalev won by resignation"]

1. e4 c5 2. Nf3 d6 3. Bb5+ Bd7 4.
Bxd7+ Qxd7 5. c4 e5 6. Nc3 Be7 7. O-O Bd8 8. a3 a5 9. Rb1 Nc6 10. d3 Nge7 11. Ne1 O-O 12. f4 f5 13. Nc2 exf4 14. Bxf4 Ng6 15. exf5 Rxf5 16. Bg3 Bf6 17. Nd5 Be5 18. Nb6 1-0

[Event "Late-Titled-Tuesday-Blitz-October-17-2023"]
[Site "Chess.com"]
[Date "2023.10.17"]
[Round "5"]
[White "Sacbutt"]
[Black "UK_23"]
[Result "0-1"]
[WhiteElo "2220"]
[BlackElo "2403"]
[TimeControl "180+1"]
[EndTime "14:50:47 PDT"]
[Termination "UK_23 won by resignation"]

1. e4 e5 2. Nf3 Nc6 3. Bc4 Nf6 4. d3 Be7 5. O-O O-O 6. c3 d5 7. exd5 Nxd5 8. Re1 Bg4 9. Nbd2 Nb6 10. h3 Bh5 11. g4 Bg6 12. Nxe5 Nxe5 13. Rxe5 Bd6 14. Re1 Nxc4 15. dxc4 f5 16. Nf1 fxg4 17. Qxg4 Bf5 18. Qg2 Qd7 19. Qd5+ Kh8 20. c5 Bh2+ 0-1

[Event "Late-Titled-Tuesday-Blitz-October-17-2023"]
[Site "Chess.com"]
[Date "2023.10.17"]
[Round "5"]
[White "BrandonJacobson"]
[Black "ozates"]
[Result "1-0"]
[WhiteElo "2986"]
[BlackElo "2709"]
[TimeControl "180+1"]
[EndTime "14:50:49 PDT"]
[Termination "BrandonJacobson won by resignation"]

1. Nf3 c5 2. c4 Nc6 3. Nc3 Nd4 4. e3 Nxf3+ 5. Qxf3 g6 6. d4 Bg7 7. Qd1 Nh6 8. d5 O-O 9. h4 d6 10. h5 f6 11. hxg6 hxg6 12. Bd3 Bf5 13. e4 Bg4 14. f3 Bh5 15. g4 Bxg4 16. fxg4 g5 17. Qe2 Qd7 18.
Bd2 Nf7 19. e5 Nxe5 20. Bf5 Qc7 21. Be6+ Nf7 22. Qe4 1-0

[Event "Late-Titled-Tuesday-Blitz-October-17-2023"]
[Site "Chess.com"]
[Date "2023.10.17"]
[Round "5"]
[White "ural58"]
[Black "Kale36"]
[Result "0-1"]
[WhiteElo "2502"]
[BlackElo "2319"]
[TimeControl "180+1"]
[EndTime "14:51:04 PDT"]
[Termination "Kale36 won by resignation"]

1. e4 Nc6 2. d4 d5 3. exd5 Qxd5 4.
Be3 e5 5. c4 Qd6 6. d5 Nce7 7.
Nc3 Nf5 8. Nb5 Qd8 9. Bxa7 Bb4+ 10. Ke2 Rxa7 11. Nxa7 Nd4+ 0-1

[Event "Late-Titled-Tuesday-Blitz-October-17-2023"]
[Site "Chess.com"]
[Date "2023.10.17"]
[Round "5"]
[White "VdovinDmitry"]
[Black "dianamirza"]
[Result "1-0"]
[WhiteElo "2226"]
[BlackElo "1947"]
[TimeControl "180+1"]
[EndTime "14:51:26 PDT"]
[Termination "VdovinDmitry won by resignation"]

1. e4 e5 2. Nf3 d6 3. d4 exd4 4. Nxd4 Nf6 5. Nc3 Be7 6. Bd3 O-O 7. h3 Nc6 8. Be3 Nxd4 9. Bxd4 Be6 10. O-O Qd7 11.
f4 a6 12. f5 c5 13. fxe6 fxe6 14. Bxf6 Bxf6 15. Qg4 Rae8 16. Rad1 b5 17. Ne2 Qa7 18. c4 Bxb2 19. Rxf8+ Kxf8 20. Nf4 Bd4+ 21. Kh1 Qe7 22. Rf1 Kg8 23. cxb5 axb5 24. Bxb5 Rf8 25. Qxe6+ Qxe6 26. Nxe6 Rxf1+ 27. Bxf1 1-0